 Dungeon Crawl Stone Soup version 0.30-a0-571-gdf30a72648 (webtiles) character file.

Game seed: 4933209909755381872

1948 bmack86 the Cleaver (level 8, 0/73 HPs)
             Began as a Minotaur Fighter on Dec 29, 2022.
             Was a Follower of Okawaru.
             Succumbed to a killer bee's poison
             ... on level 7 of the Dungeon.
             The game lasted 00:16:37 (5760 turns).

bmack86 the Cleaver (Minotaur Fighter)              Turns: 5760, Time: 00:16:38

Health: 0/73       AC: 11    Str: 22    XL:     8   Next: 98%
Magic:  7/7        EV:  6    Int:  5    God:    Okawaru [*.....]
Gold:   241        SH:  9    Dex: 11    Spells: 7/7 levels left

rFire   . . .      SeeInvis .    a - +0 war axe (venom)
rCold   . . .      Faith    .    u - +0 kite shield
rNeg    + . .      Spirit   .    l - +0 chain mail
rPois   .          Reflect  .    (helmet restricted)
rElec   .          Harm     .    (no cloak)
rCorr   .          Rampage  .    h - +0 pair of gloves
Will    .....                    (no boots) Stlth
                                 B - amulet of regeneration
HPRegen 1.12/turn                m - ring of positive energy
MPRegen 0.10/turn                (no ring)

@: lethally poisoned (0 -> -10)
A: horns 2, retaliatory headbutt
a: Renounce Religion, Heroism


You were on level 7 of the Dungeon.
You worshipped Okawaru.
Okawaru was aware of your devotion.
You visited 2 branches of the dungeon, and saw 8 of its levels.
You also visited: Sewer.

You collected 258 gold pieces.
You spent 17 gold pieces at shops.

Inventory:

Hand Weapons
 a - a +0 war axe of venom (weapon)
Missiles
 C - 3 boomerangs (quivered)
Armour
 h - a +0 pair of gloves (worn)
 l - a +0 chain mail (worn)
 u - a +0 kite shield (worn)
Jewellery
 m - a ring of positive energy (left hand)
 B - an amulet of regeneration (around neck)
Scrolls
 c - a scroll of silence {unknown}
 e - a scroll of torment {unknown}
 j - a scroll of vulnerability {unknown}
 n - 7 scrolls of teleportation
 p - a scroll of acquirement {unknown}
 q - a scroll of butterflies
 t - 2 scrolls of amnesia
 v - 2 scrolls of brand weapon
 x - a scroll of poison {unknown}
 y - a scroll of enchant weapon {unknown}
Potions
 b - a potion of haste
 d - 7 potions of might
 f - a potion of attraction {unknown}
 g - 3 potions of curing
 i - 8 potions of heal wounds
 k - a potion of mutation
 o - 3 potions of flight {unknown}
 r - a potion of degeneration {unknown}
 s - 4 potions of brilliance
 w - 2 potions of invisibility
 z - a potion of cancellation {unknown}
 A - a potion of lignification {unknown}


   Skills:
 + Level 7.1 Fighting
 * Level 9.0 Axes
 + Level 1.2 Throwing
 + Level 7.1 Armour
 + Level 7.2 Shields
 + Level 1.2 Invocations


You had 7 spell levels left.
You didn't know any spells.
Your spell library contained the following spells:

 Spells                   Type           Power      Damage    Failure   Level
 Cigotuvi's Dreadful Rot  Necr/Pois/Air  0%         N/A       100%        2
 Sublimation of Blood     Necr           0%         N/A       100%        2
 Ignite Poison            Fire/Tmut/Pois 0%         N/A       100%        3
 Inner Flame              Hex/Fire       0%         N/A       100%        3
 Cause Fear               Hex            0%         N/A       100%        4
 Dispel Undead            Necr           0%         3d6       100%        4
 Olgreb's Toxic Radiance  Pois           0%         N/A       100%        4
 Petrify                  Tmut/Erth      0%         N/A       100%        4
 Sticky Flame             Conj/Fire      0%         2d3       100%        4
 Irradiate                Conj/Tmut      0%         3d11      100%        5
 Ozocubu's Refrigeration  Ice            0%         4d7       100%        7
 Discord                  Hex            0%         N/A       100%        8
 Ignition                 Fire           0%         3d3       100%        8
 Animate Dead             Necr           Unusable   N/A       N/A         4
 Death Channel            Necr           Unusable   N/A       N/A         6
 Haunt                    Necr/Summ      Unusable   N/A       N/A         7
 Infestation              Necr           Unusable   N/A       N/A         8

Dungeon Overview and Level Annotations

Branches:
Dungeon (7/15)             Temple (1/1) D:6           Sewer (visited)

Altars:
Ashenzari
Cheibriados
Elyvilon
Fedhas
Gozag
Kikubaaqudgha
Makhleb
Okawaru
Qazlal
Ru
Trog
Uskayaw
Vehumet
Wu Jian
Xom
Yredelemnul
Zin

Shops:
D:2 *

Annotations:
D:2 1 runed translucent door, Crazy Yiuf
D:7 pigah's ghost, novice OpWn


Innate Abilities, Weirdness & Mutations

You have a pair of horns on your head.
You reflexively headbutt those who attack you in melee.


Message History

You barely miss the killer bee. You miss the killer bee.
You slash the water moccasin!
You feel very sick. The killer bee stings you.
The killer bee barely misses you.
The killer bee stings you but does no damage.
The killer bee stings you.
Pigah's ghost ripples.
You block pigah's ghost's attack. The water moccasin bites you.
* * * LOW HITPOINT WARNING * * *
The killer bee stings you!
* * * LOW HITPOINT WARNING * * *
You are more poisoned.
The killer bee poisons you! You block the killer bee's attack.
You barely miss pigah's ghost.
Pigah's ghost is moderately damaged.
You slash the water moccasin!
You kill the water moccasin!
Okawaru accepts your kill.
You can now gain great but temporary skills.
You hit the killer bee.
The killer bee is poisoned.
You hit the killer bee but do no damage.
The killer bee is poisoned.
* * * LOW HITPOINT WARNING * * *
You feel very sick.
You kill the killer bee!
Okawaru accepts your kill. The killer bee stings you.
* * * LOW HITPOINT WARNING * * *
You are lethally poisoned!
The killer bee poisons you!
Pigah's ghost hits you but does no damage.
The killer bee stings you.
* * * LOW HITPOINT WARNING * * *
The killer bee stings you but does no damage.
Your Axes skill increases to level 9!
You miss pigah's ghost.
Pigah's ghost is moderately damaged.
You closely miss the killer bee. You miss the killer bee.
You barely miss the killer bee.
You die...

....... ...
.......##### ...
.....!.#P8P# ....
.......#.W.#.....
....y..##@##.....
........yyy......
................#
.................
.............#...
........<........
...###...#.......
.. #...##...... .
.....# #.....


You could see 3 killer bees and pigah's ghost (swift).

Vanquished Creatures
  A wyvern (D:5)
  A steam dragon (D:6)
  3 water moccasins
  An ice beast (D:5)
  A black bear (D:6)
  A centaur (D:6)
  2 phantoms
  A bullfrog (D:6)
  A scorpion (D:6)
  2 necrophages (D:6)
  3 killer bees (D:7)
  A howler monkey (D:6)
  2 hounds
  2 jellies
  An orc priest (D:6)
  Natasha (thrice) (D:2)
  An iguana (D:4)
  An orc wizard (D:5)
  3 gnolls
  10 adders
  2 river rats
  A white imp (D:7)
  2 ufetubi
  6 worms
  2 dart slugs
  10 orcs
  7 bats
  7 endoplasms
  3 giant cockroaches (Sewer)
  2 goblins
  8 hobgoblins
  A quokka (D:1)
  10 ball pythons
  9 frilled lizards
  2 kobolds
  12 rats
125 creatures vanquished.

Vanquished Creatures (others)
  4 plants (D:4)
4 creatures vanquished.

Grand Total: 129 creatures vanquished

Notes
Turn   | Place    | Note
-------+----------+-------------------------------------------
     0 | D:1      | bmack86 the Minotaur Fighter began the quest for the Orb.
     0 | D:1      | Reached XP level 1. HP: 19/19 MP: 0/0
   325 | D:1      | Reached XP level 2. HP: 27/27 MP: 1/1
   554 | D:1      | Reached skill level 3 in Axes
  1091 | D:2      | Found a faded altar of an unknown god.
  1092 | D:2      | Noticed a golden eye
  1094 | D:2      | Noticed a great orb of eyes
  1094 | D:2      | Noticed a great orb of eyes
  1094 | D:2      | Noticed a golden eye
  1136 | D:2      | Noticed Natasha
  1143 | D:2      | Killed Natasha
  1144 | D:2      | Reached XP level 3. HP: 27/33 MP: 2/2
  1169 | D:2      | Found Vah Imil's Assorted Antiques.
  1263 | D:2      | Found a runed translucent door.
  1264 | D:2      | Noticed Crazy Yiuf
  1313 | D:2      | Noticed Natasha
  1316 | D:2      | Killed Natasha
  1317 | D:2      | Reached XP level 4. HP: 40/40 MP: 3/3
  1567 | D:2      | Noticed Natasha
  1574 | D:2      | Killed Natasha
  1575 | D:2      | Reached skill level 4 in Axes
  1985 | D:2      | Bought a scroll labelled EDA YTROTWI for 17 gold pieces
  2030 | D:3      | Noticed a phantom
  2066 | D:3      | Killed a phantom
  2067 | D:3      | Reached XP level 5. HP: 45/47 MP: 4/4
  2123 | D:3      | Found a basalt altar of Yredelemnul.
  2245 | D:3      | Found a burning altar of Makhleb.
  2254 | D:3      | Found a blossoming altar of Fedhas.
  2257 | D:3      | Found a bloodstained altar of Trog.
  2735 | D:4      | Found a sacrificial altar of Ru.
  2756 | D:4      | Reached skill level 5 in Axes
  2832 | D:4      | Reached XP level 6. HP: 46/55 MP: 5/5
  2871 | D:4      | Reached skill level 5 in Fighting
  2871 | D:4      | Reached skill level 5 in Armour
  2871 | D:4      | Reached skill level 5 in Shields
  3022 | D:4      | Found a glowing drain.
  3071 | Sewer    | Entered a sewer
  3212 | Sewer    | Found a viscous altar of Jiyva.
  3406 | D:4      | Found a snail-covered altar of Cheibriados.
  3661 | D:4      | Reached skill level 6 in Axes
  3790 | D:5      | Entered Level 5 of the Dungeon
  3819 | D:5      | Noticed a wyvern
  3825 | D:5      | Killed a wyvern
  3826 | D:5      | Reached XP level 7. HP: 38/61 MP: 6/6
  3925 | D:5      | Found an opulent altar of Gozag.
  4166 | D:5      | Found a radiant altar of Vehumet.
  4390 | D:6      | Reached skill level 7 in Axes
  4529 | D:6      | Reached XP level 8. HP: 65/70 MP: 7/7
  4530 | D:6      | Found a staircase to the Ecumenical Temple.
  4540 | Temple   | Entered the Ecumenical Temple
  4560 | Temple   | Became a worshipper of Warmaster Okawaru
  4891 | D:6      | Reached skill level 8 in Axes
  5333 | D:6      | Reached * piety under Okawaru
  5727 | D:7      | Noticed pigah's ghost (novice OpWn)
  5727 | D:7      | Found a runed translucent door.
  5758 | D:7      | Reached skill level 1 in Throwing
  5758 | D:7      | Reached skill level 1 in Invocations
  5760 | D:7      | Reached skill level 9 in Axes
  5760 | D:7      | Succumbed to a killer bee's poison

Illustrated notes

Levels and vault maps discovered:
D:1:      dpeg_arrival_more_subterranean_lakeside_camping, layout_basic,
          chequers_serial_rivers_micro_b, minmay_misc_feat_columns,
          minmay_three_crescents
D:2:      layout_basic, serial_shops, shop,
          hellmonk_ecumenical_altar_watching_god, dk_vineyard_1,
          chequers_decorated_corner, grunt_ministairs_14,
          chequers_serial_rivers_room_b, uniq_natasha, uniq_crazy_yiuf_cottage
D:3:      layout_basic, mainiacjoe_overflow_paths, grunt_temple_overflow_open,
          minivault_25
D:4:      layout_cave_pools, mainiacjoe_overflow_catwalk,
          mainiacjoe_overflow_chevrons, lightli_sewer_entry_pipes, minivault_1
D:5:      layout_rooms, lemuel_doored_altar, lemuel_tele_altar
D:6:      minmay_skewed_foursquare, layout_basic, minmay_temple_entry_ruins
D:7:      layout_cave_pools, gammafunk_ghost_grave
Temple:   jpeg_temple_island

Skill      XL: |  1  2  3  4  5  6  7  8 |
---------------+-------------------------+-----
Axes           | 3 4 5 6 7 9 |  9.0
Fighting       | 4 5 6 7 |  7.1
Armour         | 4 5 6 7 |  7.1
Shields        | 4 5 6 7 |  7.2
Throwing       | 1 |  1.2
Invocations    | 1 |  1.2

Action                   |  1- 3 |  4- 6 |  7- 9 || total
-------------------------+-------+-------+-------++-------
Melee: War axe           |    64 |   159 |    96 ||   319
       Headbutt          |     4 |    31 |    17 ||    52
Invok: Heroism           |       |       |     1 ||     1
  Use: Scroll            |     1 |     9 |     2 ||    12
 Stab: Sleeping          |       |       |     1 ||     1
Armor: Scale mail        |    34 |       |       ||    34
       Chain mail        |    24 |   100 |    69 ||   193
Dodge: Dodged            |    32 |    51 |    33 ||   116
Block: Buckler           |    22 |    17 |       ||    39
       Kite shield       |       |    66 |    50 ||   116

Table legend: (Time is in decaauts)
 A = Elapsed time spent in this place.
 B = Non-inter-level travel time spent in this place.
 C = Inter-level travel time spent in this place.
 D = Time resting spent in this place.
 E = Time spent auto-exploring this place.
 F = Levels seen in this place.
 G = Mean time per level.
                   A        B        C        D        E       F      G
               +--------+--------+--------+--------+--------+-----+--------+
         Total |   6015 |   5845 |    170 |     65 |   3885 |   9 |  668.3 |
       Dungeon |   5431 |   5261 |    170 |     65 |   3559 |   7 |  775.9 |
        Temple |    275 |    275 |      0 |      0 |    241 |   1 |  275.0 |
         Sewer |    308 |    308 |      0 |      0 |     84 |   1 |  308.0 |
               +--------+--------+--------+--------+--------+-----+--------+

Top non-repeatable levels by time:
     D:6: 1173 daAuts
     D:2: 1085 daAuts
     D:1: 1023 daAuts
     D:4: 871 daAuts
     D:3: 686 daAuts
     D:5: 556 daAuts
   Sewer: 308 daAuts
  Temple: 275 daAuts
     D:7: 34 daAuts
